 Dungeon Crawl Stone Soup version 0.25.0-9-g26727b6 (webtiles) character file.

Game seed: 16004604752601024366

367107 ratboy the Slayer (level 21, -10/204 HPs)
             Began as a Green Draconian Conjurer on June 16, 2020.
             Was the Champion of Vehumet.
             Killed from afar by a hellion (40 damage)
             ... with damnation
             ... summoned by a lich
             ... on level 2 of the Depths.
             The game lasted 04:16:10 (71200 turns).

ratboy the Slayer (Green Draconian Conjurer)       Turns: 71200, Time: 04:16:11

Health: -10/204    AC: 19    Str: 12    XL:     21   Next: 61%
Magic:  33/40      EV: 17    Int: 22    God:    Vehumet [******]
Gold:   1506       SH: 13    Dex: 14    Spells: 12/50 levels left

rFire    + . .     SeeInvis .   a - +8 autumn katana {vorpal, Clar}
rCold    + + +     Gourm    .   T - +0 kite shield {reflect}
rNeg     + . .     Faith    .   (armour unavailable)
rPois    +         Spirit   .   j - +2 hood of the Assassin {Detection Stab+ Stlth++}
rElec    .         Reflect  +   K - scarf {rC+ rF+}
rCorr    .         Harm     .   R - +2 pair of gloves
MR       +++..     Clarity  +   h - +2 pair of boots {run}
Stlth    ++++......             o - amulet of regeneration
HPRegen  0.84/turn              g - +4 ring of slaying
MPRegen  0.27/turn              C - ring of Cetuwi {rC++ rN+ MR+ Int-2 Dex+2}

@: about to teleport, quick
A: breathe noxious fumes, unfitting armour, stinger 1, clarity, magic resistance
1, poison resistance, wild magic 1, cold-blooded, AC +11
}: 2/15 runes: serpentine, barnacled
a: Breathe Noxious Fumes, Renounce Religion


You were on level 2 of the Depths.
You worshipped Vehumet.
Vehumet was exalted by your worship.
You were hungry.

You visited 8 branches of the dungeon, and saw 38 of its levels.
You also visited: Gauntlet and Ice Cave.

You collected 4822 gold pieces.
You spent 3316 gold pieces at shops.

Inventory:

Hand Weapons
 a - the +8 autumn katana (weapon) {vorpal, Clar}
   (You found it in a Gauntlet)

   It inflicts extra damage upon your enemies.
   It protects you against confusion.
 b - the +12 Vampire's Tooth {vamp}
   (You found it on level 15 of the Dungeon)

   It inflicts no extra harm, but heals its wielder when it wounds a living foe.
 r - the +7 Spriggan's Knife {stab, EV+4 Stlth+}
   (You found it on level 2 of the Depths)

   It affects your evasion (+4).
   It makes you more stealthy.
Missiles
 f - 56 javelins
 I - 15 curare-tipped darts (quivered)
 M - 6 throwing nets
Armour
 h - a +2 pair of boots of running (worn)
 j - the +2 hood of the Assassin (worn) {Detection Stab+ Stlth++}
   (You bought it in a shop on level 8 of the Dungeon)

   It makes you much more stealthy.
 K - a scarf of resistance (worn)
 R - a +2 pair of gloves (worn)
 T - a +0 kite shield of reflection (worn)
Jewellery
 g - a +4 ring of slaying (left hand)
 o - an amulet of regeneration (around neck)
 q - a +4 ring of evasion
 w - a +4 ring of slaying
 C - the ring of Cetuwi (right hand) {rC++ rN+ MR+ Int-2 Dex+2}
   (You found it on level 4 of the Shoals)

   [ring of positive energy]

   It affects your intelligence (-2).
   It affects your dexterity (+2).
   It greatly protects you from cold.
   It protects you from negative energy.
   It affects your resistance to hostile enchantments.
 S - a +4 ring of protection
Wands
 e - a wand of paralysis (34)
 u - a wand of digging (12)
 y - a wand of enslavement (17)
 D - a wand of clouds (6)
 H - a wand of iceblast (41)
 L - a wand of acid (24)
Scrolls
 c - 16 scrolls of remove curse
 d - 5 scrolls of immolation
 i - 7 scrolls of teleportation
 k - 5 scrolls of fear
 p - a scroll of silence
 t - 2 scrolls of fog
 z - a scroll of blinking
 J - 3 scrolls of magic mapping
 W - a scroll of summoning
Potions
 m - 4 potions of cancellation
 s - 18 potions of curing
 v - 5 potions of magic
 x - 5 potions of mutation
 E - 5 potions of heal wounds
 F - 11 potions of stabbing
 G - 3 potions of ambrosia
 N - 4 potions of haste
 O - 5 potions of lignification
 P - 6 potions of might
 Q - 6 potions of resistance
 V - 6 potions of flight
 X - 3 potions of berserk rage
Miscellaneous
 l - a tin of tremorstones (3/3)
 n - a lightning rod (4/4)
 B - 3 phantom mirrors
 U - a phial of floods
Comestibles
 A - 46 rations
 Y - 8 chunks of flesh


   Skills:
 + Level 21.0 Fighting
 - Level 12.0 Long Blades
 - Level 8.0 Dodging
 - Level 1.7 Stealth
 - Level 15.0 Shields
 - Level 15.0 Spellcasting
 - Level 15.0 Conjurations
 - Level 6.0 Hexes
 - Level 3.0 Summonings
   Level 3.0 Translocations
 + Level 13.2 Fire Magic
 - Level 3.0 Ice Magic
 - Level 6.0 Poison Magic
 - Level 5.0 Evocations


You had 12 spell levels left.
You knew the following spells:

 Your Spells              Type           Power        Failure   Level  Hunger
a - Magic Dart            Conj           ####         1%          1    None
b - Searing Ray           Conj           ######       1%          2    None
c - Fulminant Prism       Conj/Hex       ######....   1%          4    None
d - Fireball              Conj/Fire      #######...   1%          5    ###....
e - Frozen Ramparts       Ice            #####.       1%          3    None
f - Orb of Destruction    Conj           #######...   2%          7    ######.
g - Olgreb's Toxic Radia  Pois           ######..     1%          4    None
h - Ignite Poison         Fire/Tmut/Pois ######..     1%          3    None
i - Ignition              Fire           #######...   32%         8    #######
j - Summon Butterflies    Summ           #####...     2%          1    None

Your spell library contained the following spells:

 Spells                   Type           Power        Failure   Level  Hunger
 Lehudib's Crystal Spear  Conj/Erth      ######....   95%         8    #######
 Absolute Zero            Ice            #####.....   100%        9    #######
 Tornado                  Air            ###.......   100%        9    #######
 Corona                   Hex            ######.      1%          1    None
 Freeze                   Ice            ####         1%          1    None
 Shock                    Conj/Air       ####         1%          1    None
 Ensorcelled Hibernation  Hex/Ice        #####.       1%          2    None
 Slow                     Hex            ######..     1%          2    None
 Confusing Touch          Hex            ######..     1%          3    None
 Dazzling Flash           Conj/Hex       ######       1%          3    None
 Inner Flame              Hex/Fire       ######..     1%          3    None
 Mephitic Cloud           Conj/Pois/Air  ######..     1%          3    None
 Static Discharge         Conj/Air       ######..     1%          3    None
 Tukima's Dance           Hex            ######..     1%          3    None
 Hailstorm                Conj/Ice       ######..     1%          4    None
 Iskenderun's Mystic Bla  Conj/Tloc      ######..     1%          4    None
 Bolt of Magma            Conj/Fire/Erth ######....   1%          5    ###....
 Apportation              Tloc           #####.       2%          1    None
 Sting                    Tmut/Pois      ####         2%          1    None
 Irradiate                Conj/Tmut      ######....   2%          5    ###....
 Lightning Bolt           Conj/Air       ######....   2%          5    ###....
 Poisonous Vapours        Pois/Air       #####.       3%          2    None
 Portal Projectile        Hex/Tloc       #####.       3%          3    None
 Shroud of Golubria       Chrm/Tloc      ####..       5%          2    None
 Spectral Weapon          Hex/Chrm       #####...     5%          3    None
 Cause Fear               Hex            ######....   5%          4    None
 Animate Skeleton         Necr           N/A          6%          1    None
 Beastly Appendage        Tmut           ###...       6%          1    None
 Infusion                 Chrm           ###.         6%          1    None
 Pain                     Necr           ###.         6%          1    None
 Song of Slaying          Chrm           ###.....     9%          2    None
 Sublimation of Blood     Necr           ###.......   9%          2    None
 Swiftness                Chrm/Air       ###.....     9%          2    None
 Ozocubu's Armour         Chrm/Ice       ####....     10%         3    None
 Conjure Ball Lightning   Conj/Air       ######....   10%         6    #####..
 Iron Shot                Conj/Erth      ######....   10%         6    #####..
 Airstrike                Air            ###.......   13%         4    None
 Vampiric Draining        Necr           ###.......   16%         3    None
 Leda's Liquefaction      Hex/Erth       #####.....   16%         4    None
 Summon Ice Beast         Ice/Summ       #####...     16%         4    None
 Metabolic Englaciation   Hex/Ice        #####.....   22%         5    ###....
 Summon Lightning Spire   Summ/Air       ####....     26%         4    None
 Alistair's Intoxication  Tmut/Pois      #####...     36%         5    ###....
 Silence                  Hex/Air        #####.....   36%         5    ###....
 Animate Dead             Necr           N/A          43%         4    None
 Petrify                  Tmut/Erth      ###.....     43%         4    None
 Agony                    Necr           ###.....     77%         5    ###....
 Eringya's Noxious Bog    Tmut/Pois      #####.....   89%         6    #####..
 Statue Form              Tmut/Erth      ###......    100%        6    #####..
 Shatter                  Erth           ###.......   100%        9    #######


Dungeon Overview and Level Annotations

Branches:
Dungeon (15/15)            Temple (1/1) D:4            Lair (6/6) D:10
 Shoals (4/4) Lair:2        Snake (4/4) Lair:4        Slime (0/5) Lair:6
    Orc (2/2) D:12            Elf (0/3) Orc:2        Vaults (4/5) D:13
  Crypt (0/3) Vaults:3     Depths (2/5) D:15          IceCv (visited)
Gauntlet (visited)

Altars:
Ashenzari
Cheibriados
Dithmenos
Elyvilon
Fedhas
Gozag
Hepliaklqana
Kikubaaqudgha
Makhleb
Nemelex Xobeh
Okawaru
Qazlal
Ru
Sif Muna
Trog
Uskayaw
Vehumet
Wu Jian
Xom
Yredelemnul
Zin
The Shining One
Beogh

Shops:
D:8 [[[%(   D:9 *   D:11 *[![   Orc:2 }}!*   Vaults:3 (   Vaults:4 :

Portals:
Hell: Depths:1 Depths:2
Pandemonium: Depths:1
Trove: D:10 (give 7 potions of haste)

Annotations:
Lair:3 3 runed translucent doors, Feulaj's ghost, journeyman MiBe
Shoals:1 5 transporters, 3 runed translucent doors, Strat's ghost, adept DsAK; archon2's ghost, adept DEFE
Shoals:4 1 runed translucent door, Harvester's ghost, adept MiFi
Vaults:1 3 runed translucent doors, Bidatih's ghost, adept MiBe


Innate Abilities, Weirdness & Mutations

You can breathe blasts of noxious fumes.
Your lurid green scales are hard. (AC +11)
You cannot fit into any form of body armour.
Your tail ends in a poisonous barb.
Your system is resistant to poisons. (rPois)
You are cold-blooded and may be slowed by cold attacks.
You possess an exceptional clarity of mind.
You are resistant to hostile enchantments. (MR+)
Your spells are a little harder to cast, but a little more powerful.


Message History

You hit the iron troll.
The iron troll is severely wounded.
The iron troll closely misses you. The iron troll completely misses you.
The iron troll claws you!
* * * LOW HITPOINT WARNING * * *
Unknown command.
As you read the scroll of teleportation, it crumbles to dust.
You feel strangely unstable.
The tormentor calls on the powers of darkness!
The stone giant convulses!
The iron troll convulses!
Your body is wracked with pain!
* * * LOW HITPOINT WARNING * * *
Unknown command.
The tormentor calls on the powers of darkness!
The stone giant convulses!
The iron troll convulses!
Your body is wracked with pain!
* * * LOW HITPOINT WARNING * * *
The hellion gestures at you.
The sphere of damnation explodes!
The damnation engulfs you!!!
You die...

#..#####'#########'#
..#####.######..#..
#.##....#..##.#.###
#.##..#....##..#...
#.###.####.##.#....
#.')..#.#.[.'.#....
#.##.##.#.#####....
#.##....#).##..#...
#d##..#....##.#.###
#.#####.######....#
#T#####'#########'#
#.#...#.....#......
#{#.#.#####.#.###'#
#C#.#...#...#.#....
#[#.###.#.###.#.###
#21.#...[.#.'.#.#|#
##2###.#.###.#.#รท#'#


You could see a Hell Sentinel (summoned), an iron troll (strong), a stone giant
(poisoned) and a hellion (summoned).

Vanquished Creatures
  Frederick (Vaults:2)
  Margery (Vaults:3)
  Jorgrun (Orc:2)
  Rupert (Vaults:2)
  A tentacled monstrosity (Depths:1)
  2 Ice Fiends (IceCv)
  Asterion (Vaults:2)
  3 liches (Depths:2)
  A sphinx (Depths:2)
  A kraken (Shoals:2)
  Polyphemus (Shoals:4)
  Donald (Orc:1)
  Agnes (Vaults:2)
  Kirke (Lair:4)
  A tengu reaver (Depths:1)
  A storm dragon (Depths:2)
  9 nagarajas
  A fire giant (Depths:2)
  Roxanne (D:15)
  4 frost giants
  A deep elf sorcerer (Depths:1)
  Louise (Shoals:4)
  9 vault wardens
  10 ironheart preservers
  9 stone giants
  7 very ugly things
  An entropy weaver (Vaults:2)
  Nessos (Lair:5)
  3 vampire knights
  A dire elephant (D:15)
  3 deep elf annihilators
  A minotaur (Gauntlet)
  6 spark wasps
  6 ettins
  A merfolk javelineer (Shoals:4)
  Josephine (D:15)
  An eidolon (Vaults:3)
  13 ogre magi
  7 merfolk impalers
  11 yaktaur captains
  2 fire dragons
  Harold (D:7)
  5 great orbs of eyes
  3 vault guards
  6 hydras
  4 ice dragons
  Fannar (D:11)
  4 rakshasas
  8 centaur warriors
  12 anacondas
  2 spriggan air magi (Depths:2)
  A ghost crab (Gauntlet)
  4 catoblepae
  15 naga warriors
  3 death knights
  7 merfolk aquamancers
  36 two-headed ogres
  3 merfolk avatars
  3 alligator snapping turtles
  3 tengu warriors (Depths:1)
  3 deep troll shamans
  Urug (Lair:5)
  A spriggan berserker (Depths:2)
  2 death yaks (Shoals:4)
  3 deep troll earth magi
  An orc high priest (Orc:1)
  12 naga sharpshooters
  Sonja (Lair:2)
  10 shock serpents
  5 deep elf knights
  A shadow wraith (Vaults:4)
  Nergalle (D:10)
  4 iron trolls
  3 hell knights (Vaults:3)
  7 salamander mystics
  A swamp dragon (Lair:6)
  15 skeletal warriors
  4 unseen horrors
  4 glowing orange brains
  A spark wasp zombie (Depths:2)
  A swamp dragon (shapeshifter) (Vaults:3)
  2 deep trolls
  9 sea snakes
  2 flayed ghosts
  5 naga ritualists
  3 deep elf archers
  A wizard (Vaults:1)
  4 necromancers
  15 harpies
  13 orc knights
  3 phantasmal warriors
  5 lindwurms
  12 ironbrand convokers
  10 cyclopes
  10 mana vipers
  3 wolf spiders
  2 orc sorcerers
  18 ugly things
  12 deep elf magi
  12 manticores
  16 salamanders
  A salamander (shapeshifter) (Vaults:2)
  An oklob plant (D:10)
  4 fauns (Shoals:3)
  11 elephants
  A frost giant skeleton (Vaults:2)
  11 merfolk sirens
  A guardian serpent (shapeshifter) (Depths:2)
  37 black mambas
  A stone giant skeleton (Depths:2)
  A smoke demon (Gauntlet)
  An iron dragon skeleton (Depths:2)
  7 guardian serpents
  21 naga magi
  A black mamba (shapeshifter) (Vaults:4)
  A centaur zombie (D:13)
  17 vault sentinels
  3 gargoyles
  A water nymph (Shoals:4)
  6 torpor snails
  4 ice statues
  A hellion (Depths:1)
  A storm dragon simulacrum (Vaults:2)
  2 rime drakes
  15 spiny frogs
  7 freezing wraiths
  A hellwing (Depths:1)
  15 komodo dragons
  13 ice devils (IceCv)
  A red devil (Depths:1)
  36 yaktaurs
  5 trolls
  3 tengu conjurers
  20 merfolk
  A queen bee (Lair:3)
  5 tyrant leeches
  8 wind drakes
  A polar bear (shapeshifter) (D:14)
  A hornet (shapeshifter) (D:15)
  A wolf spider simulacrum (Vaults:1)
  4 blink frogs (Lair:6)
  7 dream sheep
  9 hippogriffs
  39 slime creatures
  A hippogriff (shapeshifter) (Depths:1)
  10 hornets
  2 ettin zombies (Depths:2)
  5 snapping turtles
  A stone giant simulacrum (Vaults:2)
  A meliai zombie (D:13)
  2 redbacks (Vaults:3)
  A flying skull (Vaults:3)
  3 shadows
  A spriggan skeleton (Depths:2)
  8 wraiths
  A ynoxinul (Gauntlet)
  10 water elementals
  3 vampires
  A spriggan (D:8)
  4 basilisks
  6 hogs (Lair:4)
  A human (shapeshifter) (Vaults:1)
  3 wyverns
  A fire bat (Depths:1)
  3 hungry ghosts
  8 vampire mosquitoes
  2 steam dragons (Lair:6)
  36 yaks
  11 wargs
  2 human simulacra (Vaults:3)
  26 nagas
  A soldier ant (D:14)
  7 acid dragons
  12 water moccasins
  Duvessa (D:7)
  9 porcupines
  28 orc warriors
  4 ice beasts
  3 black bears
  2 eyes of draining (D:14)
  8 sky beasts
  A necrophage (D:7)
  3 phantoms
  49 ogres
  4 human zombies
  8 boggarts
  32 centaurs
  18 wolves
  An orc skeleton (Vaults:2)
  16 crocodiles
  13 bullfrogs
  Dowan (D:7)
  A wyvern zombie (D:7)
  6 scorpions
  17 killer bees (Lair:3)
  A vampire bat (Lair:6)
  7 wights
  2 electric eels (D:10)
  3 howler monkeys
  7 jellies
  11 crimson imps
  3 bullfrog zombies
  4 quasits
  13 hounds
  5 centaur skeletons
  Crazy Yiuf (D:2)
  21 orc priests
  2 iron imps (Gauntlet)
  3 bullfrog skeletons
  Terence (D:2)
  6 iguanas
  20 orc wizards
  6 hell rats (Lair:6)
  17 worker ants
  A hound zombie (D:10)
  3 worker ant zombies
  A howler monkey zombie (D:7)
  Robin (D:2)
  12 adders
  4 gnolls
  2 shadow imps
  6 white imps (IceCv)
  4 ufetubi (IceCv)
  2 adder zombies
  2 adder skeletons (D:6)
  A worm (D:2)
  2 dart slugs
  5 leopard geckos
  90 orcs
  6 giant cockroaches
  15 goblins
  12 hobgoblins
  8 jackals
  4 kobolds
  4 quokkas
  A ball python (D:3)
  17 bats
  4 frilled lizards
  2 jackal skeletons (D:8)
  A leopard gecko zombie (D:8)
  3 rats
  A fulminant prism (Snake:4)
  2 fungi
  3 plants
  3 tentacles (Shoals:2)
  2 withered plants (Gauntlet)
1570 creatures vanquished.

Vanquished Creatures (others)
  A manticore (Shoals:3)
  2 fire bats (Depths:1)
  A human (D:8)
  2 boggarts (Depths:2)
  An electric eel (Lair:4)
  A white imp (IceCv)
  7 ufetubi (IceCv)
  An orc (Orc:2)
  229 fulminant prisms
  8 fungi
  22 plants
  3 tentacles (Shoals:2)
  10 withered plants
288 creatures vanquished.

Grand Total: 1858 creatures vanquished

Notes
Turn   | Place    | Note
-------+----------+-------------------------------------------
     0 | D:1      | ratboy the Draconian Conjurer began the quest for the Orb.
     0 | D:1      | Reached XP level 1. HP: 14/14 MP: 3/3
   543 | D:1      | Reached XP level 2. HP: 22/22 MP: 3/5
   549 | D:1      | Learned a level 2 spell: Searing Ray
   687 | D:1      | Reached skill level 1 in Fighting
  1142 | D:2      | Noticed Terence
  1398 | D:2      | Found a runed translucent door.
  1399 | D:2      | Identified a +0 cloak of preservation
  1399 | D:2      | Noticed Crazy Yiuf
  1601 | D:2      | Reached XP level 3. HP: 28/28 MP: 2/6
  1651 | D:2      | Found a faded altar of an unknown god.
  2245 | D:2      | Killed Terence
  2245 | D:2      | Reached skill level 2 in Fighting
  2245 | D:2      | Reached XP level 4. HP: 25/36 MP: 0/8
  2889 | D:2      | Noticed Robin
  2988 | D:2      | Killed Robin
  3752 | D:3      | Reached XP level 5. HP: 42/42 MP: 6/9
  4609 | D:3      | Reached skill level 5 in Conjurations
  4736 | D:4      | Found a shattered altar of Ashenzari.
  4744 | D:3      | Reached skill level 3 in Fighting
  5235 | D:4      | Reached XP level 6. HP: 51/51 MP: 11/11
  5576 | D:3      | Reached skill level 4 in Fighting
  5786 | D:3      | Your scales start taking on a lurid green colour.
  5786 | D:3      | Reached XP level 7. HP: 52/60 MP: 2/13
  5786 | D:3      | Gained mutation: Your system is resistant to poisons.
                  | (rPois) [Green Draconian growth]
  6288 | D:4      | Found a staircase to the Ecumenical Temple.
  6299 | Temple   | Entered the Ecumenical Temple
  6554 | Temple   | Became a worshipper of Vehumet
  6580 | Temple   | Learned a level 4 spell: Fulminant Prism
  6585 | Temple   | Learned a level 4 spell: Iskenderun's Mystic Blast
  6752 | D:5      | Entered Level 5 of the Dungeon
  6761 | D:4      | Reached skill level 5 in Fighting
  7127 | D:4      | Reached skill level 5 in Spellcasting
  7496 | D:5      | Reached skill level 1 in Hexes
  7496 | D:5      | Reached skill level 1 in Translocations
  7496 | D:5      | Reached XP level 8. HP: 70/70 MP: 11/15
  7584 | D:5      | Found an opulent altar of Gozag.
  7659 | D:5      | Found a shimmering altar of Xom.
  7973 | D:6      | Reached skill level 6 in Fighting
  8274 | D:6      | Reached * piety under Vehumet
  8274 | D:6      | Offered knowledge of Foxfire by Vehumet.
  8853 | D:6      | good god look at all those rings by D:6
  8943 | D:7      | Reached skill level 7 in Fighting
  9099 | D:7      | Reached XP level 9. HP: 79/79 MP: 14/17
  9174 | D:7      | Noticed Dowan
  9188 | D:7      | Noticed Harold
  9746 | D:7      | Reached skill level 8 in Fighting
  9870 | D:7      | Killed Harold
  9870 | D:7      | Reached skill level 9 in Fighting
  9991 | D:7      | Noticed Duvessa
  9999 | D:7      | Killed Duvessa
 10077 | D:7      | Killed Dowan
 10405 | D:8      | Reached ** piety under Vehumet
 10405 | D:8      | Offered knowledge of Freeze by Vehumet.
 10565 | D:8      | Reached XP level 10. HP: 31/93 MP: 18/20
 10566 | D:8      | Found a runed translucent door.
 10910 | D:8      | Found a basalt altar of Yredelemnul.
 11014 | D:8      | Reached skill level 10 in Fighting
 11423 | D:8      | Found Xuitoek's Armour Shop.
 11428 | D:8      | Bought a +0 hat for 40 gold pieces
 11569 | D:8      | Found Bishugaq's Antique Armour Boutique.
 11585 | D:8      | Bought a pair of gloves for 117 gold pieces
 11617 | D:8      | Found Cuimun's Food Boutique.
 11620 | D:8      | Found Wiadgh's Antique Armour Boutique.
 11636 | D:8      | Bought a pair of glowing boots for 240 gold pieces
 11645 | D:8      | Identified a +2 pair of boots of running (You bought it in
                  | a shop on level 8 of the Dungeon)
 11794 | D:8      | Found Odoirurr's Weapon Emporium.
 12471 | D:2      | Killed Crazy Yiuf
 12690 | D:9      | Found Ezoush's Blasphemy Boutique.
 12695 | D:9      | Found a basalt altar of Yredelemnul.
 12835 | D:10     | Entered Level 10 of the Dungeon
 13006 | D:10     | Found a portal to a secret trove of treasure.
 13105 | D:10     | Offered knowledge of Inner Flame by Vehumet.
 13135 | D:10     | Reached skill level 11 in Fighting
 13357 | D:10     | Found a staircase to the Lair.
 13358 | D:10     | Noticed an oklob plant
 13704 | D:10     | Noticed Nergalle
 13714 | D:10     | Reached *** piety under Vehumet
 13717 | D:10     | Killed an unseen horror
 13717 | D:10     | Reached skill level 12 in Fighting
 13977 | D:10     | Killed Nergalle
 14589 | D:10     | Killed an oklob plant
 14589 | D:10     | Reached XP level 11. HP: 106/106 MP: 14/23
 14679 | D:11     | Reached skill level 13 in Fighting
 14679 | D:11     | Reached skill level 1 in Evocations
 14858 | D:11     | Offered knowledge of Frozen Ramparts by Vehumet.
 15038 | D:11     | Noticed a green ugly thing
 15069 | D:11     | Killed a green ugly thing
 15702 | D:11     | Found Zadoph's General Store.
 15726 | D:11     | Killed an unseen horror
 15817 | D:11     | Bought a potion of heal wounds for 65 gold pieces
 15817 | D:11     | Bought a scroll of teleportation for 39 gold pieces
 15817 | D:11     | Bought a scroll of fear for 45 gold pieces
 15875 | D:11     | Learned a level 3 spell: Frozen Ramparts
 15885 | D:11     | Found Lafij's Antique Armour Shoppe.
 15900 | D:11     | Bought a runed buckler for 255 gold pieces
 15986 | D:11     | Found Riokhlum's Distillery.
 16133 | D:11     | Found Siyn's Antique Armour Emporium.
 16146 | D:11     | Noticed Fannar
 16161 | D:11     | Killed Fannar
 16161 | D:11     | Reached skill level 1 in Shields
 16161 | D:11     | Reached skill level 1 in Ice Magic
 16442 | D:11     | Reached **** piety under Vehumet
 16802 | D:12     | Offered knowledge of Iskenderun's Battlesphere by Vehumet.
 17343 | D:12     | Found a staircase to the Orcish Mines.
 18018 | D:12     | Reached XP level 12. HP: 68/115 MP: 25/25
 18720 | Orc:1    | Entered Level 1 of the Orcish Mines
 18733 | Orc:2    | Entered Level 2 of the Orcish Mines
 18733 | Orc:2    | Found a staircase to the Elven Halls.
 18916 | Lair:1   | Entered Level 1 of the Lair of Beasts
 19012 | Lair:1   | Reached ***** piety under Vehumet
 19160 | Lair:1   | Offered knowledge of Orb of Destruction by Vehumet.
 19169 | Lair:1   | Learned a level 7 spell: Orb of Destruction
 19205 | Lair:1   | Reached skill level 5 in Dodging
 19224 | Lair:1   | Reached skill level 5 in Hexes
 19224 | Lair:1   | Reached skill level 5 in Evocations
 21021 | Lair:2   | Found a staircase to the Shoals.
 22026 | Lair:2   | Noticed Sonja
 22035 | Lair:2   | Killed Sonja
 22656 | Lair:3   | Noticed an eight-headed hydra
 22688 | Lair:3   | Found a gate leading to a gauntlet.
 22697 | Gauntlet | Entered a Gauntlet
 22697 | Gauntlet | Found a transporter.
 22697 | Gauntlet | Found a transporter.
 22697 | Gauntlet | Found a transporter.
 22712 | Gauntlet | Found a transporter.
 22715 | Gauntlet | Found a transporter.
 22724 | Gauntlet | Found the +7 Singing Sword {vorpal, sonic wave}
 22726 | Gauntlet | Found a transporter.
 22726 | Gauntlet | Found a transporter.
 22734 | Gauntlet | Found a transporter.
 22752 | Gauntlet | Found a transporter.
 22753 | Gauntlet | Noticed a two-headed ogre
 22757 | Gauntlet | Found a transporter.
 22757 | Gauntlet | a two-headed ogre changed into a slime creature
 22758 | Gauntlet | Noticed a ghost crab
 22760 | Gauntlet | Found a transporter.
 22770 | Gauntlet | Found a transporter.
 22820 | Gauntlet | Found the +8 autumn katana {vorpal, Clar}
 22903 | Gauntlet | Noticed a satyr
 22903 | Gauntlet | a slime creature changed into a satyr
 22905 | Gauntlet | Noticed a catoblepas
 22905 | Gauntlet | a satyr changed into a catoblepas
 22918 | Gauntlet | Noticed a storm dragon
 22918 | Gauntlet | a catoblepas changed into a storm dragon
 23017 | Gauntlet | Noticed a great orb of eyes
 23017 | Gauntlet | a tyrant leech changed into a great orb of eyes
 23018 | Gauntlet | a great orb of eyes changed into a slime creature
 23020 | Gauntlet | Noticed an ice dragon
 23020 | Gauntlet | a slime creature changed into an ice dragon
 23023 | Gauntlet | Noticed an entropy weaver
 23023 | Gauntlet | an ice dragon changed into an entropy weaver
 23026 | Gauntlet | Noticed a storm dragon
 23026 | Gauntlet | an entropy weaver changed into a storm dragon
 23028 | Gauntlet | Noticed a queen ant
 23028 | Gauntlet | a storm dragon changed into a queen ant
 23033 | Gauntlet | Noticed a storm dragon
 23033 | Gauntlet | a queen ant changed into a storm dragon
 23287 | Gauntlet | Killed a ghost crab
 23287 | Gauntlet | Reached skill level 10 in Spellcasting
 23525 | Gauntlet | Noticed an ice dragon
 23533 | Gauntlet | Noticed an alligator
 23533 | Gauntlet | an ice dragon changed into an alligator
 23662 | Gauntlet | Noticed a minotaur
 23680 | Gauntlet | Killed a minotaur
 23680 | Gauntlet | Reached skill level 10 in Conjurations
 23680 | Gauntlet | Reached XP level 13. HP: 24/122 MP: 16/27
 24125 | Lair:3   | You fall into a shaft and drop 1 floor!
 24601 | Lair:4   | Found a staircase to the Snake Pit.
 24601 | Lair:4   | Noticed Kirke
 24630 | Lair:4   | Killed Kirke
 24955 | Lair:3   | Found a runed translucent gate.
 24955 | Lair:3   | Found a runed translucent gate.
 25786 | Lair:3   | Found a runed translucent gate.
 25787 | Lair:3   | Noticed Feulaj's ghost (journeyman MiBe)
 26974 | Lair:5   | Noticed Nessos
 26990 | Lair:5   | Killed Nessos
 26990 | Lair:5   | Reached skill level 1 in Long Blades
 27320 | Lair:5   | Noticed Urug
 27329 | Lair:5   | Killed Urug
 27726 | D:11     | Bought a pair of warped gloves for 218 gold pieces
 27740 | D:11     | Identified the cursed +0 pair of gloves of Xoshogru {rPois
                  | Str+2 Dex-5 Slay+3} (You bought it in a shop on level 11 of
                  | the Dungeon)
 28610 | Lair:6   | Entered Level 6 of the Lair of Beasts
 28712 | Lair:6   | Found a staircase to the Slime Pits.
 28991 | Lair:6   | Offered knowledge of Ozocubu's Refrigeration by Vehumet.
 29418 | Lair:6   | Gained mutation: Your tail ends in a poisonous barb. [Green
                  | Draconian growth]
 29418 | Lair:6   | Reached XP level 14. HP: 122/129 MP: 29/29
 30179 | Lair:6   | Reached skill level 5 in Long Blades
 30257 | Lair:6   | Found a runed translucent door.
 30373 | Lair:6   | Gained mutation: You possess an exceptional clarity of
                  | mind. [potion of mutation]
 30373 | Lair:6   | Gained mutation: Your spells are a little harder to cast,
                  | but a little more powerful. [potion of mutation]
 30373 | Lair:6   | Gained mutation: You are resistant to hostile enchantments.
                  | (MR+) [potion of mutation]
 31075 | Lair:6   | Learned a level 4 spell: Olgreb's Toxic Radiance
 31425 | Lair:6   | Reached skill level 1 in Poison Magic
 32705 | D:13     | Noticed an ironheart preserver
 32706 | D:13     | Found a gate to the Vaults.
 32900 | D:13     | Killed an ironheart preserver
 33426 | D:13     | Reached skill level 5 in Poison Magic
 33925 | D:13     | Offered knowledge of Iron Shot by Vehumet.
 34860 | D:13     | Reached XP level 15. HP: 83/135 MP: 28/31
 35923 | D:15     | Entered Level 15 of the Dungeon
 36006 | D:14     | Reached skill level 10 in Long Blades
 36304 | D:15     | Found the +12 Vampire's Tooth {vamp}
 36483 | D:15     | Found a staircase to the Depths.
 36591 | D:15     | Noticed Roxanne
 36642 | D:15     | Noticed Josephine
 36660 | D:15     | Killed Josephine
 36743 | D:15     | Killed Roxanne
 37295 | D:15     | Found a glowing silver altar of Zin.
 37559 | Orc:1    | Reached ****** piety under Vehumet
 37986 | Orc:1    | Found a roughly hewn altar of Beogh.
 38266 | Orc:1    | Offered knowledge of Fireball by Vehumet.
 38273 | Orc:1    | Learned a level 5 spell: Fireball
 38345 | Orc:2    | Noticed Donald
 38375 | Orc:1    | Killed Donald
 38589 | Orc:2    | Noticed Jorgrun
 38606 | Orc:2    | Killed Jorgrun
 39137 | Orc:2    | Found a roughly hewn altar of Beogh.
 39147 | Orc:2    | Reached skill level 14 in Fighting
 39237 | Orc:2    | Found Igupoen's Distillery.
 39237 | Orc:2    | Found Patu's Gadget Shop.
 39237 | Orc:2    | Found Sahorr's General Store.
 39237 | Orc:2    | Found Qevuogon's Gadget Shoppe.
 39256 | Orc:2    | Reached skill level 5 in Shields
 39256 | Orc:2    | Reached XP level 16. HP: 105/146 MP: 32/32
 39751 | Snake:1  | Entered Level 1 of the Snake Pit
 40632 | Snake:1  | Found a sparkling altar of Nemelex Xobeh.
 41690 | Snake:2  | Learned a level 3 spell: Ignite Poison
 42065 | D:8      | Bought the +2 hood of the Assassin {Detection Stab+
                  | Stlth++} for 1560 gold pieces
 42065 | D:8      | Found the +2 hood of the Assassin {Detection Stab+ Stlth++}
 42188 | D:11     | Bought an embroidered scarf for 272 gold pieces
 42412 | Snake:3  | Offered knowledge of Yara's Violent Unravelling by Vehumet.
 44196 | Snake:4  | Entered Level 4 of the Snake Pit
 44460 | Snake:4  | Reached skill level 15 in Fighting
 45111 | Snake:4  | Reached skill level 10 in Shields
 45283 | Snake:4  | Reached XP level 17. HP: 156/156 MP: 33/33
 45851 | Snake:4  | Offered knowledge of Conjure Ball Lightning by Vehumet.
 47274 | Snake:4  | Reached skill level 15 in Conjurations
 48194 | Snake:4  | Reached skill level 16 in Fighting
 48342 | Snake:4  | Got a serpentine rune of Zot
 48655 | Lair:1   | Upgraded the game from 0.25.0-7-g216d0a8 to
                  | 0.25.0-9-g26727b6
 48714 | Shoals:1 | Entered Level 1 of the Shoals
 48808 | Shoals:1 | Found a transporter.
 48839 | Shoals:1 | Found a runed translucent gate.
 48842 | Shoals:1 | Found a runed translucent gate.
 48843 | Shoals:1 | Found a runed translucent gate.
 48850 | Shoals:1 | Found a transporter.
 48851 | Shoals:1 | Noticed archon2's ghost (adept DEFE)
 48851 | Shoals:1 | Noticed Strat's ghost (adept DsAK)
 49003 | Shoals:1 | Found a transporter.
 49044 | Shoals:1 | Found a frozen archway.
 49089 | IceCv    | Entered an ice cave
 49451 | IceCv    | Noticed an Ice Fiend
 49452 | IceCv    | Noticed an Ice Fiend
 49687 | IceCv    | Killed an Ice Fiend
 50225 | IceCv    | Killed an Ice Fiend
 50225 | IceCv    | Reached XP level 18. HP: 167/167 MP: 34/34
 50563 | Shoals:1 | Found a transporter.
 50563 | Shoals:1 | Found a transporter.
 51324 | Shoals:2 | You fall into a shaft and drop 1 floor!
 52465 | Shoals:3 | Offered knowledge of Ignition by Vehumet.
 52495 | Shoals:3 | Learned a level 8 spell: Ignition
 53140 | Shoals:4 | Entered Level 4 of the Shoals
 53140 | Shoals:4 | Found a runed translucent door.
 53140 | Shoals:4 | Found a shimmering altar of Xom.
 53140 | Shoals:4 | Noticed Harvester's ghost (adept MiFi)
 53141 | Shoals:4 | Identified the cursed +3 morningstar "Opnouned" {chaos,
                  | rElec rF++ Str-5 Int+3 SInv}
 53425 | Shoals:4 | Got a barnacled rune of Zot
 54140 | Shoals:4 | Noticed Polyphemus
 54246 | Shoals:4 | Killed Polyphemus
 54348 | Shoals:4 | Reached skill level 17 in Fighting
 54454 | Shoals:4 | Noticed Louise
 54470 | Shoals:4 | Killed Louise
 54635 | Shoals:4 | Got a transparent tin ring
 54637 | Shoals:4 | Identified the ring of Cetuwi {rC++ rN+ MR+ Int-2 Dex+2}
                  | (You found it on level 4 of the Shoals)
 54714 | Shoals:4 | Identified First Steps in Witchcraft
 54718 | Shoals:4 | Learned a level 1 spell: Summon Butterflies
 55419 | Vaults:1 | Entered Level 1 of the Vaults
 55603 | Vaults:1 | Found a runed translucent gate.
 55607 | Vaults:1 | Found a runed translucent gate.
 55607 | Vaults:1 | Found a runed translucent gate.
 55658 | Vaults:1 | Reached skill level 1 in Fire Magic
 55668 | Vaults:1 | Reached skill level 1 in Summonings
 55836 | D:13     | Offered knowledge of Lehudib's Crystal Spear by Vehumet.
 55836 | D:13     | Offered knowledge of Tornado by Vehumet.
 55836 | D:13     | Offered knowledge of Absolute Zero by Vehumet.
 56514 | Vaults:1 | Reached XP level 19. HP: 150/177 MP: 36/36
 56530 | Vaults:1 | Reached skill level 15 in Shields
 57429 | Vaults:1 | Identified the +5 morningstar of Pest {protect, MR++}
 57430 | Vaults:1 | Noticed Bidatih's ghost (adept MiBe)
 57430 | Vaults:1 | Identified the +1 robe of Keicsupu {rC+ Int+4 Slay-5}
 57445 | Vaults:1 | Found an iron altar of Okawaru.
 58610 | Vaults:2 | Reached skill level 5 in Fire Magic
 58907 | Vaults:2 | Noticed Asterion
 58907 | Vaults:2 | Noticed Rupert
 58907 | Vaults:2 | Noticed Frederick
 58908 | Vaults:2 | Noticed Agnes
 58909 | Vaults:2 | omg look at this, Frederick, Asterion, Rupert and Agnes in
                  | the same room
 58919 | Vaults:2 | Killed Frederick
 59269 | Vaults:2 | Reached skill level 18 in Fighting
 59645 | Vaults:2 | You fall into a shaft and drop 1 floor!
 59766 | Vaults:3 | Noticed Margery
 60169 | Vaults:2 | Killed Asterion
 60312 | Vaults:2 | Killed Agnes
 60326 | Vaults:2 | Killed Rupert
 61890 | Vaults:3 | Reached XP level 20. HP: 146/189 MP: 38/38
 62088 | Vaults:3 | Found a staircase to the Crypt.
 62444 | Vaults:3 | Killed Margery
 62553 | Vaults:3 | Found Jogeus's Antique Weapon Boutique.
 62957 | Vaults:3 | Found a staircase to the Crypt.
 63310 | Vaults:3 | Found Jogeus's Antique Weapon Boutique.
 64299 | Vaults:4 | Reached skill level 19 in Fighting
 64303 | Vaults:4 | Reached skill level 15 in Spellcasting
 64565 | Vaults:4 | Found Juveugas's Book Shop.
 65269 | Vaults:4 | Reached skill level 10 in Fire Magic
 66663 | Depths:1 | Entered Level 1 of the Depths
 66768 | Depths:1 | Found a one-way gate leading to the halls of Pandemonium.
 67250 | Depths:1 | Reached skill level 20 in Fighting
 67382 | Depths:1 | Reached XP level 21. HP: 197/201 MP: 32/40
 67613 | Depths:1 | Found a gateway to Hell.
 67839 | Depths:1 | Found an iron altar of Okawaru.
 68816 | D:11     | Bought a potion of heal wounds for 75 gold pieces
 68816 | D:11     | Bought a potion of ambrosia for 120 gold pieces
 68816 | D:11     | Bought a potion of resistance for 150 gold pieces
 68816 | D:11     | Bought a potion of stabbing for 60 gold pieces
 68816 | D:11     | Bought a potion of stabbing for 60 gold pieces
 70197 | Depths:2 | Identified the amulet of Gaca {RegenMP Fragile rPois rF+++
                  | Int+2}
 70623 | Depths:2 | Got a smoking platinum amulet
 70625 | Depths:2 | Identified the amulet "Sorohaumm" {Inacc rPois Str+2 Int-3
                  | Stlth+} (You found it on level 2 of the Depths)
 70894 | Depths:2 | Identified Jenuz's Guide on Spatial Snow
 70895 | Depths:2 | Found the +7 Spriggan's Knife {stab, EV+4 Stlth+}
 70895 | Depths:2 | Found the +4 dagger "Morg" {pain, MR+ Int+5}
 70968 | Depths:2 | Reached skill level 21 in Fighting
 71200 | Depths:2 | Killed from afar by a hellion

Illustrated notes

.# #..#.....<........#######.#.####
.###..#.#########..............(..#
............................##.##.#
..##.##.#########.#########.##.##.#
..##.#### #.# #.....##.# #.##.# #.#
#..#####.# #.##.# #.# #..#####.#
#.##.# #.# #..).....# .....# #d#
#.######## #.#### #.# #.# #.# #.#
#.# ..# #.# #.# ### #.# #.#
######## #.# ###)# .....>.########
#.######.).# ######.....[..#
#.........)## .......######.#
########....##


Turn 8853 on D:6: good god look at all those rings by D:6 .........# .........#
.........######### .........#.......# .........#.......########
.........'.......#....@.. .........#.......#.H.i... .........#.......#..##
.........#.......d@.#{ .........#########..## ^...(....# ....... ##########
....... ####### Turn 58909 on Vaults:2: omg look at this, Frederick, Asterion,
Rupert and Agnes in the same room

Levels and vault maps discovered:
D:1:      wander_arrival_chamber, layout_basic, minmay_quantized
D:2:      layout_rooms, chequers_ecumenical_altar_simple, minmay_misc_feat_tiny,
          uniq_robin, uniq_crazy_yiuf_cottage, uniq_terence
D:3:      layout_basic
D:4:      minmay_chambers_of_threes, layout_rooms, minmay_temple_entry_poolview,
          ashenzari_altar_1
D:5:      layout_rooms, grunt_gozag_breadcrumbs, basic_altar, first_ration
D:6:      layout_loops_ring
D:7:      layout_loops_ring, lightli_corner_chamber, uniq_harold, uniq_duvessa
D:8:      layout_loops_ring, serial_shops, shop_coins, nicolae_shop_trees, shop,
          nicolae_shop_temple_entry_statues_fountains, shop_statue, the_bakery,
          minivault_23, dk_yredelemnul_ordeal
D:9:      layout_basic, nicolae_evil_shop
D:10:     layout_basic, dpeg_oklobed_lair, enter_trove_0, serial_bayou_lagoon_a,
          uniq_nergalle
D:11:     layout_irregular_city, serial_shops, nicolae_shop_behind_doors,
          shop_fountains, nicolae_shop_overgrown_old_shop, shop,
          eino_small_chamber_without_monster, uniq_fannar
D:12:     layout_long_grid, erik_orc_4
D:13:     layout_stronghold, skrybe_vaults_entry_preservation, dk_noncrumbling_2
D:14:     layout_basic, hangedman_decor_peaks_small
D:15:     hangedman_depths_entry_try_elsewhere_first, layout_irregular_city,
          lemuel_coloured_pillars_altar, minmay_guarded_unrand_vampires_tooth,
          uniq_roxanne, uniq_josephine
Temple:   roderic_octagonal_lattice_temple
Lair:1:   layout_roguey
Lair:2:   layout_cave_pods, shoals_dummy_entry,
          eino_small_chamber_without_monster, uniq_sonja
Lair:3:   layout_roguey, special_room [special_room_bee],
          gauntlet_entry_generic, gammafunk_ghost_split,
          infiniplex_staircase_pool_2, grunt_megastairs_3
Lair:4:   layout_loops_ring, dummy_snake_entry, serial_bayou_shore_a,
          grunt_megastairs_5, lemuel_fruit_fields, uniq_kirke
Lair:5:   layout_cave_shapes, beast_lair_carwin_2, uniq_nessos, uniq_urug
Lair:6:   guppyfry_lair_end_dragon, layout_cave_pods, wormcave, slime_dummy,
          roderic_batcave
Shoals:1: gammafunk_the_bubble [the_bubble_gammafunk_roulette], layout_shoals,
          gammafunk_ghost_cemetery, portal_ice_cave_entry_ice_statue_two
Shoals:2: nzn_motion_control, layout_shoals
Shoals:3: layout_shoals
Shoals:4: shoals_end_grunt_ice, layout_shoals, ebering_ghost_xom,
          uniq_polyphemus, uniq_louise
Snake:1:  layout_cave_shapes, basic_altar
Snake:2:  layout_misc_corridors, hangedman_snake_thin_pillar_pass
Snake:3:  layout_misc_corridors, st_stairs_1, serial_bayou_pond_a, drop_trap
Snake:4:  snake_pit_salamanders_mu, layout_cave_town, lemuel_fruit_tree
Orc:1:    cheibrodos_orc_bank, layout_diamond_mine, basic_altar
Orc:2:    st_orc_ogre_mass, layout_caves, basic_altar, uniq_donald, uniq_jorgrun
Vaults:1: gammafunk_vaults_ghost_fury_of_okawaru, v_rooms_4,
          vaults_mumra_chevron, vaults_room_corners,
          nicolae_vaults_little_squares_5, vaults_dpeg_encased_lava,
          layout_vaults_omnigrid
Vaults:2: v_rooms_5, nicolae_vaults_alarming, v_alt_pattern_5,
          vaults_room_pools, vaults_standard_mumra_lines,
          ontoclasm_vaults_ring_large, nicolae_vaults_sealed_display,
          vaults_room_fancy_cross, v_misc_28, nicolae_vaults_ring_of_whatevers,
          sword_in_stone, layout_vaults_omnicross
Vaults:3: minmay_crypt_entry_simple_plaza, hangedman_vaults_locks,
          ontoclasm_vaults_ring_square, vaults_mumra_chevron_long,
          hangedman_vaults_maws, hangedman_vaults_corner,
          hangedman_vaults_corner_blocks, grunt_vaults_focal,
          vaults_room_hangedman_quadrants, v_misc_16,
          hangedman_vaults_stretched_pinwheel, layout_vaults_omnibox,
          serial_shops, nicolae_shop_waterfront, uniq_margery
Vaults:4: nicolae_vaults_windows_and_doors_thing, ontoclasm_vaults_ligature,
          st_spiral_rooms, nicolae_vaults_little_squares_2,
          nicolae_vaults_triangles, v_pattern_2, v_misc_27, grunt_vaults_funnel,
          hangedman_vaults_snaps, hangedman_vaults_corner_blocks,
          layout_vaults_chaotic_city, serial_shops, nicolae_shop_stone
Depths:1: layout_gridlike, minmay_misc_feat_tower, hellmouth_1, pan_entry,
          hangedman_decor_opposing, library_closet, okawaru_ov_weapons_minmay,
          serial_bayou_shore_b
Depths:2: minmay_the_grid_3x3 [minmay_the_grid_embedded, minmay_the_grid_paths,
          minmay_the_grid_dragon_b, minmay_the_grid_spin_star,
          minmay_the_grid_holed_spiral, minmay_the_grid_tri_star,
          minmay_the_grid_broken_lines, minmay_the_grid_armoury,
          minmay_the_grid_prize_shrinking_boxes], layout_gridville, hell_entry,
          kennysheep_big_empty_room, abandoned_shop

Skill      XL: |  1  2  3  4  5  6  7  8  9 10 11 12 13 14 15 16 17 18 19 20 21 |
---------------+----------------------------------------------------------------+-----
Fighting       | 1 2 3 4 5 7 9 12 13 14 15 16 17 18 20 21 | 21.0
Spellcasting   | 3 4 5 7 8 9 10 11 12 13 14 15 | 15.0
Conjurations   | 5 6 7 8 10 12 13 14 15 | 15.0
Hexes          | 1 3 4 6 |  6.0
Translocations | 1 3 |  3.0
Dodging        | 2 4 6 8 |  8.0
Evocations     | 4 5 |  5.0
Shields        | 2 4 5 10 13 14 15 | 15.0
Ice Magic      | 2 3 |  3.0
Long Blades    | 3 9 12 | 12.0
Poison Magic   | 6 |  6.0
Fire Magic     | 2 7 11 13 | 13.2
Summonings     | 2 3 |  3.0
Stealth        | |  1.7

Action                   |  1- 3 |  4- 6 |  7- 9 | 10-12 | 13-15 | 16-18 | 19-21 || total
-------------------------+-------+-------+-------+-------+-------+-------+-------++-------
Melee: Dagger            |    56 |    53 |   219 |   602 |       |       |       ||   930
       Tailslap          |     7 |     8 |    22 |    84 |   117 |   151 |   196 ||   585
       Katana            |       |       |       |     7 |   930 |  1335 |  1271 ||  3543
Throw: Dart              |     6 |    10 |    15 |     3 |       |       |       ||    34
       Javelin           |       |       |     2 |       |       |       |       ||     2
 Cast: Magic Dart        |    61 |    66 |    90 |    53 |     5 |     3 |       ||   278
       Searing Ray       |     2 |    11 |    21 |    85 |    24 |     2 |       ||   145
       Fulminant Prism   |       |       |     3 |    42 |    54 |   113 |    19 ||   231
       Frozen Ramparts   |       |       |       |    19 |    11 |       |     4 ||    34
       Orb of Destructio |       |       |       |       |     2 |     6 |    16 ||    24
       Ignite Poison     |       |       |       |       |       |    61 |    74 ||   135
       Olgreb's Toxic Ra |       |       |       |       |       |    50 |    82 ||   132
       Fireball          |       |       |       |       |       |    11 |     1 ||    12
       Summon Butterflie |       |       |       |       |       |       |     2 ||     2
 Abil: Breathe Noxious F |       |       |    11 |    48 |    24 |     2 |       ||    85
Evoke: Wand              |       |       |       |     3 |     6 |    11 |     1 ||    21
       Lightning rod     |       |       |       |       |     3 |       |       ||     3
  Use: Scroll            |     1 |       |     1 |     9 |     8 |     5 |    11 ||    35
       Potion            |     1 |       |       |     3 |     7 |     3 |     3 ||    17
 Stab: Confused          |       |       |     1 |    13 |     7 |       |       ||    21
       Sleeping          |       |       |     1 |     2 |     2 |    11 |    26 ||    42
       Distracted        |       |       |       |     1 |       |     2 |     3 ||     6
       Paralysed         |       |       |       |       |       |     9 |       ||     9
  Eat: Chunk             |     5 |     8 |    11 |    47 |    47 |    34 |    40 ||   192
       Ration            |       |     1 |     3 |     2 |     2 |     7 |     3 ||    18
Armor: Skin              |    25 |    24 |    87 |   231 |   210 |   321 |   220 ||  1118
Dodge: Dodged            |    77 |    46 |   137 |   398 |   417 |   484 |   516 ||  2075
Block: Buckler           |       |       |       |   124 |   196 |       |       ||   320
       Kite shield       |       |       |       |       |    26 |   587 |   557 ||  1170
       Reflection        |       |       |       |       |       |    73 |    55 ||   128
       Rpst.: Katana     |       |       |       |     1 |   124 |    88 |   105 ||   318
